 Dungeon Crawl Stone Soup version 0.21-a0-150-gc243083 (webtiles) character file.

735 AverageBear the Ducker (level 7, -4/40 HPs)
             Began as a Deep Elf Fighter on July 29, 2017.
             Slain by a wight
             ... wielding a +2 great sword
              (6 damage)
             ... on level 5 of the Dungeon.
             The game lasted 00:05:44 (3289 turns).

AverageBear the Ducker (Deep Elf Fighter)           Turns: 3289, Time: 00:05:44

Health: -4/40      AC:  6    Str: 15 (17) XL:     7   Next: 45%
Magic:  9/9        EV: 15    Int: 15 (16) God:
Gold:   293        SH:  7    Dex: 15 (16) Spells: 6/6 levels left

rFire    . . .     SeeInvis +   a - +0 rapier
rCold    + . .     Gourm    .   m - +3 buckler
rNeg     . . .     Faith    +   i - +3 leather armour of Devotion {rC+ Int+3 SInv}
rPois    .         Spirit   .   (no helmet)
rElec    .         Reflect  .   (no cloak)
rCorr    .         Harm     .   (no gloves)
MR       .....                  (no boots)
Stlth    ++........             n - amulet of faith
HPRegen  0.13/turn              (no ring)
MPRegen  0.11/turn              (no ring)

@: drained
A: thin skeletal structure 1, deterioration 2, strong 1
a: no special abilities


You were on level 5 of the Dungeon.
You were not hungry.

You visited 1 branch of the dungeon, and saw 5 of its levels.
You also visited: Sewer.

You collected 293 gold pieces.

Inventory:

Hand Weapons
 a - a +0 rapier (weapon)
Armour
 b - a +0 scale mail
 c - a +0 shield
 i - the +3 leather armour of Devotion (worn) {rC+ Int+3 SInv}
   (You found it in a sewer)

   It affects your intelligence (+3).
   It protects you from cold.
   It lets you see invisible.
 m - a +3 buckler (worn)
Jewellery
 n - an amulet of faith (around neck)
Scrolls
 g - a scroll of enchant armour
 h - a scroll of fear
Potions
 d - a potion of haste
 e - a potion of cancellation
 j - a potion of degeneration
Comestibles
 f - a bread ration
 l - a royal jelly
 o - 8 chunks of flesh
 q - a meat ration


   Skills:
 - Level 2.4(1.7) Fighting
 - Level 6.2(5.5) Short Blades
 - Level 2.4(1.7) Armour
 + Level 6.6(5.9) Dodging
 - Level 2.4(1.7) Shields


You had 6 spell levels left.
You didn't know any spells.

Dungeon Overview and Level Annotations

Branches:
Dungeon (5/15)
 Temple: D:4-7

Altars:
Makhleb


Innate Abilities, Weirdness & Mutations

You have a somewhat thin skeletal structure. (Dex +2, Stealth)
Your body often deteriorates upon taking damage.
Your muscles are strong. (Str +2)


Message History

The wight completely misses you. The wight hits you but does no damage.
You hit the wight.
The wight is moderately damaged.
The wight hits you from afar with an enchanted halberd!
* * * LOW HITPOINT WARNING * * *
You feel drained.
* * * LOW HITPOINT WARNING * * *
You barely miss the wight.
The wight is moderately damaged.
You block the wight's attack.
You hit the wight.
The wight is heavily damaged.
The wight misses you. The wight barely misses you.
You closely miss the wight.
The wight is heavily damaged.
You block the wight's attack.
You hit the wight but do no damage.
The wight is heavily damaged.
The wight hits you with an enchanted great sword.
You die...

#.#
#..<...##
#.#
##...###
#.# ##.##
#.# #.# #.#
(.. #.#
#..# #.#
#..#
#.######..#
#.@zzz.#
######.#


You could see 3 wights.

Vanquished Creatures
  Grinder (D:3)
  The ghost of drinkester the Skirmisher, an amateur DrBe of Trog (D:3)
  A crocodile (Sewer)
  A scorpion (D:5)
  3 hounds
  2 orc priests (D:5)
  4 adders
  An ooze (D:3)
  2 worms
  3 dart slugs
  4 leopard geckos
  7 orcs
  3 ball pythons
  4 giant cockroaches
  9 goblins
  A hobgoblin (D:3)
  2 jackals (Sewer)
  8 kobolds
  7 bats
  3 frilled lizards
  12 rats
79 creatures vanquished.

Notes
Turn   | Place    | Note
-------+----------+-------------------------------------------
     0 | D:1      | AverageBear the Deep Elf Fighter began the quest for the Orb.
     0 | D:1      | Reached XP level 1. HP: 13/13 MP: 3/3
    95 | D:1      | Reached XP level 2. HP: 6/18 MP: 4/4
   653 | D:1      | Reached XP level 3. HP: 16/22 MP: 5/5
  1494 | D:3      | Reached XP level 4. HP: 27/27 MP: 6/6
  1681 | D:3      | Found a burning altar of Makhleb.
  1749 | D:3      | Noticed drinkester's ghost (amateur DrBe)
  1769 | D:3      | Killed drinkester's ghost
  1769 | D:3      | Reached XP level 5. HP: 12/31 MP: 7/7
  1973 | D:3      | Noticed Grinder
  2009 | D:3      | Killed Grinder
  2009 | D:3      | Reached XP level 6. HP: 10/36 MP: 8/8
  2715 | D:4      | Found a glowing drain.
  2719 | Sewer    | Entered a sewer
  2793 | Sewer    | Gained mutation: Your body sometimes deteriorates upon taking damage. [potion of mutation]
  2793 | Sewer    | Gained mutation: You have a somewhat thin skeletal structure. (Dex +2, Stealth) [potion of mutation]
  2793 | Sewer    | Gained mutation: Your body often deteriorates upon taking damage. [potion of mutation]
  2793 | Sewer    | Gained mutation: Your muscles are strong. (Str +2) [potion of mutation]
  2805 | Sewer    | Reached skill level 5 in Dodging
  2805 | Sewer    | Reached XP level 7. HP: 20/40 MP: 9/9
  2815 | Sewer    | Got a jewelled leather armour
  2826 | Sewer    | Identified the +3 leather armour of Devotion {rC+ Int+3 SInv} (You found it in a sewer)
  2996 | D:5      | Entered Level 5 of the Dungeon
  3049 | D:5      | HP: 1/40 [orc priest/flail (6)]
  3285 | D:5      | HP: 1/40 [wight/enchanted halberd (5)]
  3289 | D:5      | Slain by a wight

Vault maps used:
D:1:      evilmike_arrival_crescent
D:3:      makhleb_heckhound_becter, uniq_grinder
D:4:      first_bread, gup_sewer_entry_bowl
D:5:      nicolae_ru_path_of_blood, temple_green, nemelex_lonely_heart_becter,
          uniq_menkaure, uniq_edmund, uniq_blork_the_orc
Sewer:    sewer_the_crocodile

Skill      XL: |  1  2  3  4  5  6  7 |
---------------+----------------------+-----
Short Blades   | 3 4 6 |  6.2
Dodging        | 4 5 6 |  6.6
Fighting       | |  2.4
Armour         | |  2.4
Shields        | |  2.4

Action                   |  1- 3 |  4- 6 |  7- 9 || total
-------------------------+-------+-------+-------++-------
Melee: Rapier            |   171 |   137 |    56 ||   364
  Use: Scroll            |     5 |     2 |     2 ||     9
       Potion            |       |    13 |     2 ||    15
 Stab: Invisible         |       |     3 |       ||     3
  Eat: Chunk             |     2 |     4 |     2 ||     8
Armor: Scale mail        |    83 |    47 |       ||   130
       Skin              |       |     8 |       ||     8
       Leather armour    |       |       |     8 ||     8
Dodge: Dodged            |    49 |    58 |    34 ||   141
Block: Shield            |    32 |       |       ||    32
       Buckler           |    34 |    43 |    13 ||    90
